[gd_scene load_steps=17 format=2]

[ext_resource path="res://scripts/test2.gd" type="Script" id=1]
[ext_resource path="res://resources/background2.png" type="Texture" id=2]
[ext_resource path="res://scripts/transition2-1.gd" type="Script" id=3]
[ext_resource path="res://prefabs/camera.tscn" type="PackedScene" id=4]
[ext_resource path="res://resources/lamp.png" type="Texture" id=5]
[ext_resource path="res://resources/lamp_light.png" type="Texture" id=6]
[ext_resource path="res://scripts/level1-2to1-3.gd" type="Script" id=7]

[sub_resource type="RectangleShape2D" id=1]

custom_solver_bias = 0.0
extents = Vector2( 197, 8 )

[sub_resource type="RectangleShape2D" id=2]

custom_solver_bias = 0.0
extents = Vector2( 20, 17 )

[sub_resource type="RectangleShape2D" id=3]

custom_solver_bias = 0.0
extents = Vector2( 39, 2 )

[sub_resource type="RectangleShape2D" id=4]

custom_solver_bias = 0.0
extents = Vector2( 20, 26 )

[sub_resource type="RectangleShape2D" id=5]

custom_solver_bias = 0.0
extents = Vector2( 194, 10 )

[sub_resource type="OccluderPolygon2D" id=6]

closed = true
cull_mode = 1
polygon = PoolVector2Array( -117, 33, -117, 37, -194, 37, -194, 33 )

[sub_resource type="OccluderPolygon2D" id=7]

closed = true
cull_mode = 0
polygon = PoolVector2Array( -194, 101, -194, 111, 194, 111, 194, 101 )

[sub_resource type="RectangleShape2D" id=8]

custom_solver_bias = 0.0
extents = Vector2( 3, 40 )

[sub_resource type="RectangleShape2D" id=9]

custom_solver_bias = 0.0
extents = Vector2( 10, 71 )

[node name="root" type="Node2D" index="0"]

script = ExtResource( 1 )

[node name="background2" type="Sprite" parent="." index="0"]

position = Vector2( 193, 113 )
scale = Vector2( 0.994792, 1 )
z_index = -1
texture = ExtResource( 2 )
_sections_unfolded = [ "Z Index" ]

[node name="StaticBody2D" type="StaticBody2D" parent="background2" index="0"]

input_pickable = false
collision_layer = 1
collision_mask = 1
constant_linear_velocity = Vector2( 0, 0 )
constant_angular_velocity = 0.0
friction = 1.0
bounce = 0.0

[node name="CollisionShape2D" type="CollisionShape2D" parent="background2/StaticBody2D" index="0"]

position = Vector2( 2, -104 )
shape = SubResource( 1 )

[node name="CollisionShape2D2" type="CollisionShape2D" parent="background2/StaticBody2D" index="1"]

position = Vector2( -174, 17 )
shape = SubResource( 2 )

[node name="CollisionShape2D3" type="CollisionShape2D" parent="background2/StaticBody2D" index="2"]

position = Vector2( -156, 35 )
shape = SubResource( 3 )

[node name="CollisionShape2D4" type="CollisionShape2D" parent="background2/StaticBody2D" index="3"]

position = Vector2( -174, 71 )
shape = SubResource( 4 )

[node name="CollisionShape2D5" type="CollisionShape2D" parent="background2/StaticBody2D" index="4"]

position = Vector2( 0, 107 )
shape = SubResource( 5 )

[node name="LightOccluder2D" type="LightOccluder2D" parent="background2" index="1"]

occluder = SubResource( 6 )
light_mask = 1
__meta__ = {
"_edit_lock_": true
}

[node name="LightOccluder2D2" type="LightOccluder2D" parent="background2" index="2"]

occluder = SubResource( 7 )
light_mask = 1
__meta__ = {
"_edit_lock_": true
}

[node name="Node2D" type="Node2D" parent="." index="1"]

position = Vector2( 146, 145 )

[node name="Area2D" type="Area2D" parent="." index="2"]

position = Vector2( -16, 66 )
input_pickable = true
gravity_vec = Vector2( 0, 1 )
gravity = 98.0
linear_damp = 0.1
angular_damp = 1.0
collision_layer = 0
audio_bus_override = false
audio_bus_name = "Master"
script = ExtResource( 3 )
_sections_unfolded = [ "Collision" ]

[node name="CollisionShape2D" type="CollisionShape2D" parent="Area2D" index="0"]

shape = SubResource( 8 )
__meta__ = {
"_edit_lock_": true
}

[node name="camera" parent="." index="3" instance=ExtResource( 4 )]

current = false

[node name="lamp" type="Sprite" parent="." index="4"]

position = Vector2( 193, 47 )
texture = ExtResource( 5 )

[node name="Light2D" type="Light2D" parent="lamp" index="0"]

position = Vector2( 0, 29 )
enabled = false
editor_only = false
texture = ExtResource( 6 )
offset = Vector2( 0, 0 )
texture_scale = 0.25
color = Color( 1, 0.94902, 0.537255, 0.443137 )
energy = 1.0
mode = 0
range_height = 0.0
range_z_min = -1024
range_z_max = 1024
range_layer_min = 0
range_layer_max = 0
range_item_cull_mask = 1
shadow_enabled = true
shadow_color = Color( 0, 0, 0, 0 )
shadow_buffer_size = 2048
shadow_gradient_length = 0.0
shadow_filter = 0
shadow_filter_smooth = 0.0
shadow_item_cull_mask = 1
_sections_unfolded = [ "Shadow" ]
__meta__ = {
"_edit_lock_": true
}

[node name="CanvasModulate" type="CanvasModulate" parent="." index="5"]

visible = false
color = Color( 0.27451, 0.270588, 0.32549, 1 )

[node name="Area2D2" type="Area2D" parent="." index="6"]

position = Vector2( 405, 133 )
input_pickable = true
gravity_vec = Vector2( 0, 1 )
gravity = 98.0
linear_damp = 0.1
angular_damp = 1.0
collision_layer = 0
audio_bus_override = false
audio_bus_name = "Master"
script = ExtResource( 7 )
_sections_unfolded = [ "Collision" ]

[node name="CollisionShape2D" type="CollisionShape2D" parent="Area2D2" index="0"]

shape = SubResource( 9 )


